AoeStats
← Sir Well-Endowed

Arena

508159260Analyzed
4v4 RM · 12d ago on Sep 21, 2026· 88m 13s· 8 players
Game mode
Random Map
Map size
Large (8 player)
Population
200
Speed
Normal
Resources
Standard
Victory
Conquest
Starting age
Dark Age
Ending age
Imperial Age
RankedLock teamsTeams togetherTeam positionsShared explorationLock speedFull tech treeHidden civsTurbo modeCheats
Victory
Defeat
🇰🇷 Turks · South Korea
1298
+15
🇨🇦 Jurchens · Canada
1297
+15
🇨🇦 Sicilians · Canada
1260
+17
🇨🇦 Romans · Canada
1192
+21
🇦🇷 Mapuche · Argentina
1326
-19
🇨🇴 Italians · Colombia
1314
-18
🇨🇴 Maya · Colombia
1250
-16
🇲🇽 Khmer · Mexico
1237
-15
Sonaron Disparos
10:09 Feudal Age
13:47 Castle Age
11:53 Double-Bit Axe
13:53 Horse Collar
15:10 Bow Saw
18:52 Stone Mining
26:10 Loom
29:30 Imperial Age
28:02 Forging
28:03 Scale Barding Armor
29:12 Wheelbarrow
28:55 Gold Mining
29:51 Iron Casting
29:52 Bloodlines
29:44 Husbandry
30:32 Gold Shaft Mining
30:01 Heavy Plow
31:15 Chemistry
31:43 Blast Furnace
31:26 Conscription
31:51 Chain Barding Armor
31:19 Elite Ballista Elephant
32:17 Fletching
33:10 Hand Cart
33:31 Plate Barding Armor
34:29 Double Crossbow
36:56 Light Cavalry
38:36 Ballistics
37:57 Hussar
40:12 Elite Battle Elephant
40:54 Tusk Swords
44:21 Scale Mail Armor
47:26 Siege Engineers
49:54 Bodkin Arrow
51:01 Bracer
51:54 Town Watch
AM | Rick2
9:42 Feudal Age
11:24 Fletching
15:37 Loom
16:25 Double-Bit Axe
26:36 Castle Age
33:50 Bodkin Arrow
48:08 Horse Collar
50:00 Wheelbarrow
49:54 Bow Saw
54:33 Imperial Age
53:52 Scale Barding Armor
53:58 Forging
55:01 Heavy Plow
55:28 Chain Barding Armor
55:39 Bloodlines
55:30 Husbandry
54:51 Light Cavalry
56:22 Iron Casting
57:01 Plate Barding Armor
57:03 Conscription
57:31 Crop Rotation
58:41 Blast Furnace
59:24 Two-Man Saw
58:54 Bracer
58:55 Padded Archer Armor
59:17 Ballistics
61:10 Chemistry
60:15 Hussar
62:30 Leather Archer Armor
67:06 Gold Mining
70:40 Caravan
72:20 Hand Cart
73:28 Ring Archer Armor
72:30 Elite Skirmisher
73:50 Thumb Ring
76:12 Hoardings
AM | AndresBC
0:33 Loom
11:07 Feudal Age
15:13 Castle Age
13:51 Double-Bit Axe
13:47 Horse Collar
16:10 Wheelbarrow
16:48 Bow Saw
19:24 Scale Mail Armor
20:57 Eagle Warrior
22:22 Chain Mail Armor
22:26 Squires
25:40 Arson
28:37 Forging
28:53 Heavy Plow
29:53 Iron Casting
33:04 Pikeman
37:11 Imperial Age
35:37 Stone Mining
35:38 Gold Mining
37:20 Ballistics
38:54 Blast Furnace
37:18 Halberdier
38:00 Heavy Scorpion
39:14 Plate Mail Armor
40:06 Chemistry
41:00 Conscription
40:04 Elite Eagle Warrior
41:43 Holcans
41:48 Sappers
43:10 Coinage
43:15 Hand Cart
42:47 Town Watch
44:36 Two-Man Saw
43:18 Capped Ram
44:31 Fletching
44:55 Masonry
44:58 Fortified Wall
50:34 Bodkin Arrow
52:45 Bracer
52:42 Murder Holes
59:50 Siege Ram
61:05 Padded Archer Armor
62:32 Crop Rotation
68:52 Leather Archer Armor
78:13 Architecture
seba_aof
11:51 Feudal Age
15:26 Castle Age
13:21 Horse Collar
15:10 Double-Bit Axe
24:22 Heavy Plow
24:18 Gold Mining
26:20 Wheelbarrow
27:03 Pikeman
27:04 Elite Skirmisher
28:21 Scale Mail Armor
32:00 Imperial Age
29:17 Loom
29:18 Town Watch
29:54 Fletching
30:04 Padded Archer Armor
31:55 Leather Archer Armor
31:36 Bodkin Arrow
32:43 Bow Saw
33:08 Gold Shaft Mining
33:26 Ballistics
34:07 Chemistry
32:47 Treadmill Crane
33:01 Stone Mining
33:41 Conscription
34:30 Ring Archer Armor
35:04 Masonry
34:59 Malon
36:00 Chain Mail Armor
37:16 Hand Cart
37:35 Plate Mail Armor
37:34 Forging
39:46 Crop Rotation
40:09 Iron Casting
40:09 Champi Runner
41:24 Halberdier
42:35 Capped Ram
44:54 Blast Furnace
48:50 Siege Engineers
72:15 Architecture
72:23 Hoardings
71:53 Sappers
Sir Well-Endowed
6:04 Loom
9:00 Feudal Age
9:43 Double-Bit Axe
10:08 Horse Collar
15:46 Wheelbarrow
18:30 Scale Mail Armor
24:22 Castle Age
22:38 Stone Mining
26:35 Forging
27:25 Bow Saw
27:25 Fletching
29:35 Heavy Plow
30:41 Chain Mail Armor
32:31 Bodkin Arrow
33:20 Hand Cart
35:07 Town Watch
38:45 Squires
41:26 Arson
42:19 Iron Casting
44:57 Imperial Age
43:52 First Crusade
43:37 Pikeman
45:14 Stone Shaft Mining
44:32 Gold Mining
45:00 Masonry
45:28 Elite Serjeant
46:37 Siege Engineers
47:07 Plate Mail Armor
47:38 Blast Furnace
47:35 Conscription
46:42 Onager
47:38 Town Patrol
48:50 Gold Shaft Mining
49:02 Ballistics
48:59 Capped Ram
50:14 Conscription
50:31 Hoardings
50:04 Arrowslits
52:42 Guilds
53:03 Halberdier
54:02 Padded Archer Armor
54:10 Bracer
54:54 Elite Skirmisher
55:50 Leather Archer Armor
57:37 Chemistry
57:46 Siege Ram
58:52 Caravan
59:18 Gambesons
60:34 Murder Holes
65:04 Scale Barding Armor
70:29 Husbandry
70:48 Bloodlines
70:00 Light Cavalry
Emperor Lung Wang
9:57 Feudal Age
9:27 Loom
14:04 Castle Age
12:52 Double-Bit Axe
13:56 Gold Mining
26:26 Wheelbarrow
26:19 Bow Saw
32:08 Imperial Age
30:41 Hand Cart
30:44 Scale Barding Armor
30:58 Stone Mining
31:45 Gold Shaft Mining
31:00 Horse Collar
31:51 Chain Barding Armor
32:07 Bloodlines
32:05 Husbandry
33:26 Plate Barding Armor
34:48 Forging
36:46 Iron Casting
36:37 Heavy Plow
37:20 Conscription
38:52 Padded Archer Armor
41:22 Blast Furnace
41:13 Elite Iron Pagoda
43:48 Caravan
46:45 Chemistry
46:37 Hoardings
47:23 Siege Engineers
48:26 Masonry
50:08 Scale Mail Armor
49:38 Pikeman
50:46 Halberdier
51:26 Squires
50:52 Heavy Rocket Cart
53:03 Thunderclap Bombs
53:34 Fortified Wall
53:55 Architecture
54:26 Halberdier
57:33 Light Cavalry
60:37 Chain Mail Armor
60:59 Hussar
71:24 Gambesons
74:50 Ballistics
74:05 Capped Ram
76:05 Siege Ram
78:06 Fletching
88:17 Treadmill Crane
Genghis Dong
12:44 Feudal Age
17:38 Castle Age
16:25 Scale Mail Armor
19:49 Double-Bit Axe
23:33 Horse Collar
24:08 Bow Saw
24:55 Loom
26:02 Squires
25:23 Pikeman
27:43 Chain Mail Armor
28:28 Gold Mining
28:31 Stone Mining
29:50 Forging
30:37 Wheelbarrow
31:21 Gold Shaft Mining
33:42 Iron Casting
37:54 Imperial Age
36:00 Ballistics
36:04 Ballistas
38:04 Heavy Scorpion
39:07 Conscription
38:10 Halberdier
41:24 Caravan
43:40 Chemistry
42:58 Siege Engineers
45:57 Man-at-Arms
46:45 Long Swordsman
48:29 Blast Furnace
48:53 Murder Holes
49:10 Masonry
48:52 Fletching
50:49 Comitatenses
50:47 Fortified Wall
50:59 Onager
51:53 Bodkin Arrow
53:39 Legionary
55:55 Architecture
70:00 Hand Cart
iTunes
10:59 Feudal Age
15:13 Castle Age
13:19 Double-Bit Axe
13:38 Horse Collar
18:01 Loom
23:53 Town Watch
25:17 Wheelbarrow
25:09 Town Watch
30:38 Imperial Age
28:26 Fortified Wall
28:54 Caravan
29:03 Stone Mining
29:04 Gold Mining
29:31 Bow Saw
30:29 Hand Cart
30:15 Heavy Plow
32:23 Padded Archer Armor
33:54 Two-Man Saw
33:10 Artillery
33:37 Fletching
34:40 Gold Shaft Mining
34:26 Elite Janissary
38:32 Bombard Tower
38:09 Bodkin Arrow
38:35 Scale Barding Armor
45:21 Masonry
51:59 Chain Barding Armor
51:40 Bracer
51:51 Forging
55:34 Bloodlines
55:24 Husbandry
56:13 Plate Barding Armor
59:16 Husbandry
60:52 Conscription
64:19 Iron Casting
68:32 Blast Furnace
67:56 Murder Holes
68:36 Architecture
70:32 Treadmill Crane
72:42 Leather Archer Armor
77:11 Cavalier
80:46 Coinage
80:27 Heavy Camel Rider
Connection lost

Rejoining the realm…

Still unreachable

The connection could not be restored.

Session expired

The server has moved on; the page needs a fresh start.